 Dungeon Crawl Stone Soup version 0.24-a0-278-gefa1973 (webtiles) character file.

Game seed: 3154539510519384383

108 Hasart the Firebug (level 4, -1/24 HPs)
             Began as a Deep Elf Fire Elementalist on Apr 30, 2019.
             Slain by Purgy (3 damage)
             ... on level 2 of the Dungeon.
             The game lasted 00:03:28 (2708 turns).

Hasart the Firebug (Deep Elf Fire Elementalist)     Turns: 2708, Time: 00:03:29

Health: -1/24      AC:  2    Str:  5    XL:     4   Next: 58%
Magic:  5/11       EV: 13    Int: 21    God:
Gold:   71         SH:  0    Dex: 15    Spells: 9/10 levels left

rFire    . . .     SeeInvis .   (no weapon)
rCold    . . .     Gourm    .   (no shield)
rNeg     . . .     Faith    .   a - +0 robe
rPois    .         Spirit   .   (no helmet)
rElec    .         Reflect  .   (no cloak)
rCorr    .         Harm     .   (no gloves)
MR       .....                  (no boots)
Stlth    ++........             (no amulet)
HPRegen  0.08/turn              d - ring of flight
MPRegen  0.12/turn              (no ring)

@: no status effects
A: no striking features
a: Evoke Flight


You were on level 2 of the Dungeon.
You were very hungry.

You visited 1 branch of the dungeon, and saw 3 of its levels.

You collected 71 gold pieces.

Inventory:

Armour
 a - a +0 robe (worn)
Jewellery
 d - a ring of flight (left hand)
Scrolls
 b - 4 scrolls of identify {unknown}
 g - a scroll of remove curse
Potions
 e - a potion of flight {unknown}
 i - a potion of magic {unknown}
 j - a potion of agility {unknown}
Comestibles
 c - 4 rations


   Skills:
 + Level 3.3 Dodging
 - Level 2.4 Stealth
 + Level 3.8 Spellcasting
 * Level 2.7 Conjurations
 * Level 4.3 Fire Magic


You had 9 spell levels left.
You knew the following spells:

 Your Spells              Type           Power        Failure   Level  Hunger
a - Flame Tongue          Conj/Fire      ###..        2%          1    None

Your spell library contained the following spells:

 Spells                   Type           Power        Failure   Level  Hunger
 Throw Flame              Conj/Fire      ###...       4%          2    #......
 Conjure Flame            Conj/Fire      ###.....     9%          3    ###....
 Inner Flame              Hex/Fire       ##......     16%         3    ###....
 Sticky Flame             Conj/Fire      ###.....     28%         4    ####...
 Fireball                 Conj/Fire      ###.......   61%         5    ######.


Dungeon Overview and Level Annotations

Branches:
Dungeon (3/15)

Altars:
Xom

Annotations:
D:2 Purgy


Message History

Press: ? - help, Shift-Dir - straight line, f/p - Purgy
Aim: Purgy (heavily wounded)
The flame tongue hits Purgy!
Purgy is severely wounded.
Purgy bites you.
* * * LOW HITPOINT WARNING * * *
Purgy claws you.
* * * LOW HITPOINT WARNING * * *
Purgy claws you.
* * * LOW HITPOINT WARNING * * *
Unknown command.
Casting: Flame Tongue (safe; 2% risk of failure)
Confirm with . or Enter, or press ? or * to list all spells.
Aiming: Flame Tongue (safe; 2% risk of failure)
Press: ? - help, Shift-Dir - straight line, f/p - Purgy
Aim: Purgy (severely wounded)
The flame tongue hits Purgy!
Purgy is almost dead.
Purgy closely misses you. Purgy claws you.
You die...

##### #...# #########...#########
....................#
##############....#)# #
####....#.# # ######..+....+.#
### #....#.##....###
######....#.##..@.#
##≈##.....#.##..T.#
.##.#.).###.##...†# .≈.##...#
#.##....# ##..#...#
#)##....######
≈≈.≈#...###.#..........#
÷≈#^#.......'....>.....##########
#........####..........##........
#.###+.....##..........##.#######


You could see Purgy.

Vanquished Creatures
  4 adders (D:2)
  2 oozes
  A worm (D:2)
  3 leopard geckos (D:1)
  A ball python (D:2)
  4 giant cockroaches
  12 goblins
  6 hobgoblins
  4 jackals
  A quokka (D:2)
  5 bats
  4 kobolds
  6 rats
53 creatures vanquished.

Notes
Turn   | Place    | Note
-------+----------+-------------------------------------------
     0 | D:1      | Hasart the Deep Elf Fire Elementalist began the quest for
                  | the Orb.
     0 | D:1      | Reached XP level 1. HP: 10/10 MP: 6/6
   152 | D:1      | Reached XP level 2. HP: 15/15 MP: 6/8
   821 | D:2      | Reached XP level 3. HP: 5/19 MP: 4/9
  1192 | D:2      | Reached skill level 4 in Fire Magic
  1968 | D:2      | Reached XP level 4. HP: 24/24 MP: 8/11
  1970 | D:2      | Found a shimmering altar of Xom.
  2674 | D:3      | Noticed Purgy
  2708 | D:2      | Slain by Purgy

Levels and vault maps discovered:
D:1:      elethiomel_arrival_shortcut, layout_basic, hangedman_decor_opposing
D:2:      layout_basic, tgw_xom
D:3:      layout_loops_ring, gammafunk_temple_overflow_claw, st_stairs_11,
          grunt_ministairs_10, uniq_robin, uniq_purgy

Skill      XL: |  1  2  3 |
---------------+----------+-----
Conjurations   | 2 |  2.7
Fire Magic     | 4 |  4.3
Dodging        | 3 |  3.3
Stealth        | |  2.4
Spellcasting   | |  3.8

Action                   |  1- 3 |  4- 6 || total
-------------------------+-------+-------++-------
Melee: Unarmed           |     9 |       ||     9
 Cast: Flame Tongue      |    71 |    28 ||    99
  Use: Scroll            |       |     3 ||     3
  Eat: Chunk             |     3 |     1 ||     4
Armor: Robe              |     9 |     7 ||    16
Dodge: Dodged            |    41 |    26 ||    67

Table legend:
 A = Non-vault XP
 B = Vault XP
 C = Vault XP percentage of total XP
 D = Non-vault monster count
 E = Vault monster count
 F = Vault count percentage of total count
                 A         B        C        D         E       F
            +---------+---------+-------+---------+---------+-------
      Total |     144 |      11 |   7.1 |      46 |       7 |  13.2
            +---------+---------+-------+---------+---------+-------
        D:1 |      38 |       0 |   0.0 |      17 |       0 |   0.0
        D:2 |     103 |      11 |   9.6 |      27 |       7 |  20.6
        D:3 |       3 |       0 |   0.0 |       2 |       0 |   0.0
            +---------+---------+-------+---------+---------+-------
